[Event "ICC tourney 2148 (70 10)"]
[Site "Internet Chess Club"]
[Date "2020.11.21"]
[Round "2"]
[White "arjunbidani"]
[Black "Jaguar-92"]
[Result "1/2-1/2"]
[ICCResult "Black stalemated"]
[WhiteElo "610"]
[BlackElo "1058"]
[Opening "King's Indian: East Indian defense"]
[ECO "A48"]
[NIC "QP.06"]
[Time "16:03:20"]
[TimeControl "4200+10"]

1. d4 Nf6 2. Nf3 g6 3. e3 Bg7 4. Bd3 O-O 5. O-O d6 6. c4 Nbd7 7. Nc3 c5 8.
Re1 Rb8 9. Qb3 Nb6 10. Nb5 a6 11. Na3 Na8 12. Nd2 Nc7 13. Ne4 Nxe4 14. Bxe4
cxd4 15. exd4 Bxd4 16. Bh6 Bg7 17. Bxg7 Kxg7 18. Qe3 Ne6 19. f4 Qc7 20. f5
Nc5 21. fxg6 Nxe4 22. Qxe4 hxg6 23. Qxe7 Qxe7 24. Rxe7 Be6 25. Re1 Kf6 26.
Rc7 Rfc8 27. Rf1+ Kg5 28. Rxc8 Rxc8 29. b3 Rc5 30. Nb1 Re5 31. Nc3 d5 32.
cxd5 Bxd5 33. Nxd5 Rxd5 34. Rxf7 Rd1+ 35. Rf1 Rd2 36. a4 Rd3 37. Rf3 Rd1+
38. Kf2 Kg4 39. h3+ Kh4 40. Rf4+ Kg5 41. Re4 Kf5 42. Rb4 Rd2+ 43. Kg1 Rd7
44. Rb6 g5 45. a5 Rd5 46. Rxb7 Rxa5 47. b4 Rd5 48. Rc7 Rd4 49. Rc5+ Kf4 50.
b5 axb5 51. Rxb5 Rd2 52. Rb3 Rc2 53. Rf3+ Ke4 54. Kh2 Rd2 55. Kg3 Rc2 56.
Rf2 Rxf2 57. Kxf2 Kf4 58. g3+ Kf5 59. Kf3 g4+ 60. hxg4+ Kg5 61. Ke2 Kxg4 62.
Kf2 Kg5 63. Kf3 Kf5 64. Kf2 Kf6 65. g4 Kg6 66. Ke3 Kg5 67. Kf3 Kg6 68. Kg3
Kg7 69. Kh3 Kh7 70. g5 Kg7 71. Kh4 Kh8 72. Kg3 Kg7 73. Kf3 Kf7 74. Ke4 Kg6
75. Kf4 Kg7 76. Kg4 Kg8 77. Kh4 Kh8 78. Kh5 Kg7 79. g6 Kg8 80. Kg5 Kg7 81.
Kh5 Kg8 82. Kg4 Kg7 83. Kg5 Kg8 84. Kf6 Kf8 85. Ke5 Kg7 86. Kf5 Kg8 87. Kg5
Kg7 88. Kf5 Kg8 89. Kg4 Kg7 90. Kh5 Kg8 91. Kh6 Kh8 92. Kg5 Kg7 93. Kh5 Kg8
94. Kg5 Kg7 95. Kf5 Kg8 96. Ke6 Kg7 97. Kf5 Kg8 98. Ke5 Kg7 99. Kf5 Kg8 100.
Kf6 Kf8 101. Kg5 Kg7 102. Kf5 Kg8 103. Kf6 Kf8 104. Ke6 Kg7 105. Kf5 Kg8
106. Kf4 Kg7 107. Kf5 Kg8 108. Kg5 Kg7 109. Kh5 Kg8 110. Kh6 Kh8 111. Kg5
Kg7 112. Kf5 Kg8 113. Kf4 Kg7 114. Kg5 Kg8 115. Kf4 Kg7 116. Kf5 Kg8 117.
Kf6 Kf8 118. Ke6 Kg7 119. Kf5 Kg8 120. Kg5 Kg7 121. Kh5 Kg8 122. Kh6 Kh8
123. g7+ Kg8 124. Kg6 {Black stalemated} 1/2-1/2

[Event "ICC tourney 2148 (70 10)"]
[Site "Internet Chess Club"]
[Date "2020.11.21"]
[Round "2"]
[White "whale-lines"]
[Black "BongCloudMaster"]
[Result "1/2-1/2"]
[ICCResult "Game drawn by mutual agreement"]
[WhiteElo "934"]
[BlackElo "1064"]
[Opening "French defense"]
[ECO "C00"]
[NIC "FR.01"]
[Time "16:02:52"]
[TimeControl "4200+10"]

1. e4 e6 2. Nf3 d5 3. exd5 exd5 4. d4 Nf6 5. Bg5 Be7 6. Nc3 O-O 7. Bd3 Bg4
8. O-O h6 9. Bh4 Nbd7 10. h3 Be6 11. Re1 c6 12. Qd2 Nh5 13. Bxe7 Qxe7 14. g4
Qf6 15. Ne5 Nf4 16. Qe3 h5 17. Bf5 Bxf5 18. Qxf4 Be6 19. Qxf6 Nxf6 20. g5
Nh7 21. h4 Rfe8 22. f4 Nf8 23. Re2 Nd7 24. Rae1 Nb6 25. b3 a5 26. Nf3 Kf8
27. a4 Nd7 28. Ne5 Nb6 29. g6 Kg8 30. Nxf7 Bxf7 31. f5 Rxe2 32. gxf7+ Kxf7
33. Rxe2 Re8 34. Rxe8 Kxe8 35. Kf2 Kf7 36. Kf3 Nc8 37. Kf4 Kf6 38. Ne2 Ne7
39. Ng3 {Game drawn by mutual agreement} 1/2-1/2

[Event "ICC tourney 2148 (70 10)"]
[Site "Internet Chess Club"]
[Date "2020.11.21"]
[Round "3"]
[White "GregMA"]
[Black "pintormjajeff"]
[Result "0-1"]
[ICCResult "White checkmated"]
[WhiteElo "1130"]
[BlackElo "1056"]
[Opening "Ruy Lopez: Berlin defense, 4.O-O"]
[ECO "C65"]
[NIC "RL.07"]
[Time "19:35:18"]
[TimeControl "4200+10"]

1. e4 e5 2. Nf3 Nc6 3. Bb5 Nf6 4. O-O Ng4 5. h3 h5 6. hxg4 hxg4 7. Bxc6 gxf3
8. Bxd7+ Bxd7 9. Qxf3 Qh4 10. Qg3 Qh1# {White checkmated} 0-1

[Event "ICC tourney 2148 (70 10)"]
[Site "Internet Chess Club"]
[Date "2020.11.21"]
[Round "3"]
[White "Ojas2020"]
[Black "leonvarghese"]
[Result "1-0"]
[ICCResult "Black checkmated"]
[WhiteElo "921"]
[BlackElo "432"]
[Opening "QGD: Harrwitz attack"]
[ECO "D35"]
[NIC "QO.16"]
[Time "19:35:15"]
[TimeControl "4200+10"]

1. d4 d5 2. c4 e6 3. Nc3 Nf6 4. Bf4 Nc6 5. Nf3 dxc4 6. e4 Bb4 7. Bg5 O-O 8.
e5 h6 9. Bh4 g5 10. Nxg5 hxg5 11. Bxg5 Bxc3+ 12. bxc3 Re8 13. Bxf6 Qd7 14.
Qg4+ Kh7 15. Qg7# {Black checkmated} 1-0

[Event "ICC tourney 2148 (70 10)"]
[Site "Internet Chess Club"]
[Date "2020.11.21"]
[Round "3"]
[White "roh007"]
[Black "addisenapl"]
[Result "1-0"]
[ICCResult "Black resigns"]
[WhiteElo "1214"]
[BlackElo "894"]
[Opening "King's pawn game"]
[ECO "C50"]
[NIC "IG.03"]
[Time "19:35:07"]
[TimeControl "4200+10"]

1. e4 e5 2. Nf3 Nc6 3. Bc4 Nh6 4. O-O Bc5 5. Nc3 O-O 6. d3 Ng4 7. h3 Bxf2+
8. Rxf2 Nxf2 9. Kxf2 d6 10. Bg5 Qd7 11. Kg1 Nd4 12. Be3 Nxf3+ 13. Qxf3 Qe7
14. Nd5 Qe6 15. Nxc7 Qf6 16. Qxf6 gxf6 17. Nxa8 Rd8 18. Nc7 Rd7 19. Nd5 b6
20. Nxf6+ Kf8 21. Nxd7+ Bxd7 22. Rf1 f6 23. Rxf6+ Ke7 24. Rf7+ Kd8 25. Bg5+
Ke8 26. Re7+ Kf8 27. Rxd7 Ke8 28. Rxa7 {Black resigns} 1-0

[Event "ICC tourney 2148 (70 10)"]
[Site "Internet Chess Club"]
[Date "2020.11.21"]
[Round "3"]
[White "coreenjansen"]
[Black "mgelgi"]
[Result "0-1"]
[ICCResult "White checkmated"]
[WhiteElo "346"]
[BlackElo "882"]
[Opening "Four knights game"]
[ECO "C47"]
[NIC "VG.04"]
[Time "19:35:48"]
[TimeControl "4200+10"]

1. e4 e5 2. Nc3 Nf6 3. Nf3 Nc6 4. Bd3 d5 5. Bb5 dxe4 6. Nxe5 Bd7 7. O-O Nxe5
8. Nxe4 Nxe4 9. Bd3 Nxd3 10. cxd3 Nf6 11. Qe1+ Qe7 12. Qxe7+ Bxe7 13. d4
O-O-O 14. d3 Rhe8 15. Bg5 Bb5 16. Rae1 Rxd4 17. Re5 Nd5 18. Be3 Rxd3 19. Rc1
Bd6 20. Rxe8+ Bxe8 21. Kf1 Nxe3+ 22. fxe3 Bxh2 23. Ke2 Bb5 24. Rf1 Rd7+ 25.
Kf3 Bxf1 26. Kg4 Bxg2 27. e4 Rd4 28. Kf5 Bxe4+ 29. Kg4 Bd3+ 30. Kh3 Be5 31.
b4 Bf5+ 32. Kg2 Rd3 33. Kf2 Bd4+ 34. Ke2 Kd7 35. a4 Rb3 36. a5 Bg4+ 37. Kd2
Rb2+ 38. Kc1 Rh2 39. b5 f5 40. b6 cxb6 41. axb6 axb6 42. Kb1 f4 43. Kc1 f3
44. Kd1 f2+ 45. Kd2 f1=Q# {White checkmated} 0-1

[Event "ICC tourney 2148 (70 10)"]
[Site "Internet Chess Club"]
[Date "2020.11.21"]
[Round "3"]
[White "jonathanxu"]
[Black "siddh2012"]
[Result "1-0"]
[ICCResult "Black resigns"]
[WhiteElo "683"]
[BlackElo "880"]
[Opening "Center game"]
[ECO "C22"]
[NIC "KP.04"]
[Time "19:35:17"]
[TimeControl "4200+10"]

1. e4 e5 2. d4 exd4 3. Qxd4 Nc6 4. Qd1 Nf6 5. Nc3 Bc5 6. Bc4 d6 7. Nf3 O-O
8. Be3 Bb4 9. Bd2 Bxc3 10. Bxc3 Nxe4 11. O-O Nxc3 12. bxc3 Bg4 13. h3 Bh5
14. Rb1 Rb8 15. Qd5 Qf6 16. Qxh5 Qxc3 17. Bd3 g6 18. Qh4 Ne5 19. Ng5 h5 20.
Rb3 Qc6 21. Be4 Qd7 22. Rxb7 Rxb7 23. Bxb7 f6 24. Bd5+ Kg7 25. Ne6+ Kh7 26.
Nxf8+ {Black resigns} 1-0

[Event "ICC tourney 2148 (70 10)"]
[Site "Internet Chess Club"]
[Date "2020.11.21"]
[Round "3"]
[White "mytoyoweta"]
[Black "kavya204029han"]
[Result "0-1"]
[ICCResult "White resigns"]
[WhiteElo "1016"]
[BlackElo "875"]
[Opening "King's pawn game"]
[ECO "C44"]
[NIC "KP.10"]
[Time "19:35:34"]
[TimeControl "4200+10"]

1. e4 e5 2. Nf3 Nc6 3. a3 Bc5 4. Bc4 Nf6 5. d3 d6 6. h3 O-O 7. Nc3 Re8 8.
Na4 h6 9. Nxc5 dxc5 10. O-O Nd4 11. Nxd4 cxd4 12. f4 Be6 13. Bxe6 Rxe6 14.
f5 Rc6 15. Bd2 Qe7 16. Bb4 Qd7 17. Be1 Rb6 18. b4 a5 19. bxa5 Rxa5 20. Bxa5
Ra6 21. Bb4 Qc6 22. Qd2 Qb6 23. Rfc1 c5 24. Rcb1 cxb4 25. Rxb4 Qd6 26. Rxb7
Rxa3 27. Rxa3 Qxa3 28. Qc1 Qxc1+ {White resigns} 0-1

[Event "ICC tourney 2148 (70 10)"]
[Site "Internet Chess Club"]
[Date "2020.11.21"]
[Round "3"]
[White "gravesal33"]
[Black "kleilei"]
[Result "1-0"]
[ICCResult "Black checkmated"]
[WhiteElo "878"]
[BlackElo "141"]
[Opening "QGD Slav: 4.e3 Bf5"]
[ECO "D12"]
[NIC "QP.08"]
[Time "19:35:37"]
[TimeControl "4200+10"]

1. d4 d5 2. c4 Nf6 3. e3 c6 4. Nf3 Bf5 5. Nc3 e6 6. Be2 Bd6 7. O-O O-O 8. c5
Be7 9. h3 Ne4 10. Nxe4 dxe4 11. Ne5 f6 12. Nc4 b5 13. cxb6 axb6 14. b3 b5
15. Nd2 Nd7 16. f3 exf3 17. Bxf3 Rc8 18. e4 Bg6 19. Bh5 Bxh5 20. Qxh5 e5 21.
Nf3 exd4 22. Nxd4 Bc5 23. Bb2 Qb6 24. Rad1 Rcd8 25. Kh1 Nb8 26. Ne6 Rxd1 27.
Rxd1 Rc8 28. Qg4 Re8 29. Qxg7# {Black checkmated} 1-0

[Event "ICC tourney 2148 (70 10)"]
[Site "Internet Chess Club"]
[Date "2020.11.21"]
[Round "3"]
[White "ARNAVG094"]
[Black "gcogan"]
[Result "0-1"]
[ICCResult "White checkmated"]
[WhiteElo "629"]
[BlackElo "211"]
[Opening "Giuoco Pianissimo: Italian four knights variation"]
[ECO "C47"]
[NIC "KP.06"]
[Time "19:35:37"]
[TimeControl "4200+10"]

1. e4 e5 2. Nf3 Nc6 3. Nc3 Nf6 4. Bc4 Bc5 5. d3 O-O 6. Bg5 Be7 7. O-O d6 8.
h3 h6 9. Be3 Bd7 10. d4 exd4 11. Nxd4 Nxd4 12. Bxd4 c5 13. Be3 a6 14. Qf3 b5
15. Bb3 c4 16. e5 dxe5 17. Qg3 Ne8 18. Bxh6 cxb3 19. axb3 Bd6 20. Ne4 Bc7
21. Rfd1 Qe7 22. Rd2 Bc6 23. Nc3 e4 24. Re2 Bxg3 25. fxg3 gxh6 26. Rae1 f5
27. Nd1 Nd6 28. Kf2 a5 29. Ne3 a4 30. bxa4 Rxa4 31. b3 Ra2 32. Kg1 b4 33. g4
fxg4 34. Nxg4 Bb5 35. Rd2 Qc7 36. Nxh6+ Kh7 37. Ng4 Qc5+ 38. Ne3 Nf5 39. Kf2
Nxe3+ 40. Kg3 Qg5+ 41. Kh2 Rf2 42. Rxf2 Rxc2 43. Rf7+ Kg6 44. Rb7 Qxg2#
{White checkmated}
0-1

[Event "ICC tourney 2148 (70 10)"]
[Site "Internet Chess Club"]
[Date "2020.11.21"]
[Round "3"]
[White "thomasamdur"]
[Black "aravsaksena"]
[Result "1-0"]
[ICCResult "Black checkmated"]
[WhiteElo "1018"]
[BlackElo "1087"]
[Opening "Queen's pawn: Charlick (Englund) gambit"]
[ECO "A40"]
[NIC "QO.17"]
[Time "19:35:39"]
[TimeControl "4200+10"]

1. d4 e5 2. dxe5 Nc6 3. Nf3 Qe7 4. Nc3 Nxe5 5. Nxe5 Qxe5 6. Qd5 d6 7. Qxe5+
dxe5 8. e4 Nf6 9. Nd5 Nxd5 10. exd5 Bf5 11. Bb5+ Bd7 12. Bxd7+ Kxd7 13. c4
Bb4+ 14. Bd2 Bxd2+ 15. Kxd2 f5 16. Rhe1 Rhe8 17. f3 e4 18. fxe4 fxe4 19. Re3
Rad8 20. Rae1 c6 21. Rxe4 cxd5 22. Rxe8 Rxe8 23. Rxe8 Kxe8 24. cxd5 Ke7 25.
Ke3 a6 26. a3 Kd6 27. Kd4 b6 28. b3 a5 29. a4 g6 30. g3 h6 31. h3 g5 32. g4
Kd7 33. Ke5 Ke7 34. d6+ Kd7 35. Kd5 Kd8 36. Ke6 Ke8 37. d7+ Kd8 38. Kd6 h5
39. gxh5 g4 40. hxg4 b5 41. h6 b4 42. Ke5 Kxd7 43. h7 Ke7 44. h8=Q Kf7 45.
Qh7+ Ke8 46. Ke6 Kf8 47. Qh8# {Black checkmated} 1-0

[Event "ICC tourney 2148 (70 10)"]
[Site "Internet Chess Club"]
[Date "2020.11.21"]
[Round "3"]
[White "SimonDeng"]
[Black "KIDFIRE"]
[Result "1-0"]
[ICCResult "Black checkmated"]
[WhiteElo "893"]
[BlackElo "700"]
[Opening "Caro-Kann: advance variation"]
[ECO "B12"]
[NIC "CK.04"]
[Time "19:35:31"]
[TimeControl "4200+10"]

1. e4 c6 2. d4 d5 3. e5 Bf5 4. h4 e6 5. g4 Nh6 6. gxf5 Nxf5 7. Bh3 Nxh4 8.
Bxe6 fxe6 9. Qh5+ Ng6 10. Nf3 Nd7 11. Nh4 Qa5+ 12. Nc3 Bb4 13. Bd2 Be7 14.
Nxg6 hxg6 15. Qxh8+ Bf8 16. Ne4 Qb6 17. Nd6+ Kd8 18. Ba5 Qxa5+ 19. c3 Kc7
20. Qh3 Bxd6 21. exd6+ Kxd6 22. Qg3+ Ke7 23. Qxg6 Rg8 24. Rh7 Kf8 25. Qxe6
Nf6 26. Rh3 Qb6 27. Rf3 Qxb2 28. Rd1 Qxa2 29. Kf1 Qc4+ 30. Kg1 Qb3 31. Re1
Qa3 32. Qe8# {Black checkmated} 1-0

[Event "ICC tourney 2148 (70 10)"]
[Site "Internet Chess Club"]
[Date "2020.11.21"]
[Round "3"]
[White "srm2010"]
[Black "PeterT"]
[Result "1-0"]
[ICCResult "Black checkmated"]
[WhiteElo "483"]
[BlackElo "411"]
[Opening "Van't Kruijs opening"]
[ECO "A00"]
[Time "19:35:52"]
[TimeControl "4200+10"]

1. e3 e5 2. Nf3 Nc6 3. Bb5 a6 4. Bxc6 dxc6 5. Nxe5 Qd5 6. f4 Qxg2 7. Rf1
Qxh2 8. Nf3 Qg3+ 9. Rf2 Qg6 10. Ne5 Qd6 11. Nc4 Qd7 12. Ne5 Qd8 13. Qe2 Nf6
14. Qc4 Be6 15. Qd4 Qxd4 16. exd4 Rd8 17. c3 Rd5 18. Na3 Ra5 19. Nac4 Bxc4
20. Nxc4 Rd5 21. Re2+ Kd8 22. Re5 h5 23. Rxd5+ Nxd5 24. Ne5 h4 25. Nxf7+ Ke8
26. Nxh8 Nxf4 27. Kf1 h3 28. Kg1 g5 29. d3 g4 30. Bxf4 g3 31. Bxg3 Bd6 32.
Bxd6 cxd6 33. Ng6 c5 34. dxc5 dxc5 35. Kh2 b5 36. Kxh3 a5 37. b4 axb4 38.
cxb4 cxb4 39. Rb1 Kd7 40. Rxb4 Kc6 41. d4 Kb6 42. Ne7 Kc7 43. Nd5+ Kd6 44.
Rxb5 Kc6 45. Nc3 Kd6 46. d5 Kd7 47. a4 Kc7 48. a5 Kc8 49. a6 Kc7 50. a7 Kc8
51. a8=Q+ Kc7 52. Qa6 Kd7 53. Rb7+ Ke8 54. Qa8# {Black checkmated} 1-0

[Event "ICC tourney 2148 (70 10)"]
[Site "Internet Chess Club"]
[Date "2020.11.21"]
[Round "3"]
[White "smalugu"]
[Black "LeoBerkson"]
[Result "0-1"]
[ICCResult "White resigns"]
[WhiteElo "800"]
[BlackElo "1174"]
[Opening "Giuoco Piano"]
[ECO "C54"]
[NIC "IG.02"]
[Time "19:35:32"]
[TimeControl "4200+10"]

1. e4 e5 2. Nf3 Nc6 3. Bc4 Bc5 4. c3 Nf6 5. d4 exd4 6. cxd4 Bb4+ 7. Bd2 Nxe4
8. Bxb4 Nxb4 9. Bxf7+ Kf8 10. Ne5 d6 11. Qf3 Nc2+ 12. Kd1 dxe5 13. Bd5+ Nf6
14. Kxc2 Qxd5 15. Qa3+ c5 16. Qxc5+ Qxc5+ {White resigns} 0-1

[Event "ICC tourney 2148 (70 10)"]
[Site "Internet Chess Club"]
[Date "2020.11.21"]
[Round "3"]
[White "Jcscake"]
[Black "Purpleshenice"]
[Result "0-1"]
[ICCResult "White checkmated"]
[WhiteElo "935"]
[BlackElo "884"]
[Opening "Two knights defense (Modern bishop's opening)"]
[ECO "C55"]
[NIC "IG.01"]
[Time "19:35:25"]
[TimeControl "4200+10"]

1. e4 e5 2. Nf3 Nc6 3. Bc4 Nf6 4. d3 Bb4+ 5. Nc3 d6 6. h3 O-O 7. Bg5 Bxc3+
8. bxc3 Be6 9. Bb3 Qd7 10. Bxf6 gxf6 11. O-O Kh8 12. Kh2 Rg8 13. Rg1 Qd8 14.
Qd2 f5 15. exf5 Bxf5 16. Bxf7 Qd7 17. Bxg8 Rxg8 18. Qh6 Rg6 19. Qf8+ Rg8 20.
Qf6+ Rg7 21. Qh4 Ne7 22. Rab1 Ng6 23. Qf6 b6 24. a4 Nf4 25. a5 Bxh3 26. gxh3
Qxh3# {White checkmated} 0-1

[Event "ICC tourney 2148 (70 10)"]
[Site "Internet Chess Club"]
[Date "2020.11.21"]
[Round "3"]
[White "Jaguar-92"]
[Black "yesiwillbeatyou"]
[Result "1-0"]
[ICCResult "Black checkmated"]
[WhiteElo "993"]
[BlackElo "209"]
[Opening "Scotch: Schmidt variation"]
[ECO "C45"]
[NIC "SO.04"]
[Time "19:35:06"]
[TimeControl "4200+10"]

1. e4 e5 2. Nf3 Nc6 3. d4 exd4 4. Nxd4 Nf6 5. Nc3 d6 6. Be2 Nxd4 7. Qxd4 c5
8. Qd1 Be6 9. O-O Be7 10. f4 Nd5 11. exd5 Bd7 12. Bg4 O-O 13. Bxd7 Qxd7 14.
Qf3 Bd8 15. f5 Bb6 16. f6 g6 17. Qf4 c4+ 18. Kh1 Qf5 19. Qxf5 gxf5 20. Bh6
Rfe8 21. Rxf5 Re3 22. Bxe3 Bxe3 23. Re1 Re8 24. Re2 Kf8 25. Rf3 Bd4 26.
Rxe8+ Kxe8 27. Rf4 Be5 28. Rxc4 Bxf6 29. Rc7 b5 30. Nxb5 a6 31. Nxd6+ Kd8
32. Rxf7 Bg7 33. Rxg7 a5 34. Rxh7 a4 35. Ra7 a3 36. Rxa3 Kc7 37. Rb3 Kd8 38.
a4 Kd7 39. a5 Kxd6 40. a6 Kxd5 41. a7 Ke4 42. a8=Q+ Ke5 43. Qa5+ Ke4 44.
Qa4+ Kd5 45. Rb5+ Kc6 46. Qa6+ Kc7 47. Rb7+ Kc8 48. Qa8# {Black checkmated}
1-0

[Event "ICC tourney 2148 (70 10)"]
[Site "Internet Chess Club"]
[Date "2020.11.21"]
[Round "3"]
[White "achyutmk"]
[Black "AshikaN"]
[Result "1-0"]
[ICCResult "Black checkmated"]
[WhiteElo "404"]
[BlackElo "768"]
[Opening "Queen's pawn game"]
[ECO "D04"]
[NIC "QP.06"]
[Time "19:35:26"]
[TimeControl "4200+10"]

1. d4 Nf6 2. Nf3 d5 3. e3 Nc6 4. Bd3 e5 5. dxe5 Ne4 6. Bxe4 dxe4 7. Qxd8+
Nxd8 8. Nd4 c5 9. Ne2 Bg4 10. Nbc3 Bxe2 11. Nxe2 Be7 12. O-O O-O 13. b3 f6
14. Bb2 b5 15. a4 b4 16. exf6 Bxf6 17. Bxf6 Rxf6 18. Rfd1 Rg6 19. Nf4 Rf6
20. Rd2 Ne6 21. Nxe6 Rxe6 22. Rad1 Ree8 23. f3 exf3 24. gxf3 Kf8 25. Kf2
Rec8 26. Kg3 Ke8 27. e4 c4 28. bxc4 Rxc4 29. Rd4 Rxc2 30. Rxb4 Rcc8 31. Rb7
Kf8 32. Rdd7 Rcb8 33. Rxa7 Rxa7 34. Rxa7 h6 35. f4 Rb3+ 36. Kg4 Rb4 37. h4
Rxe4 38. Ra8+ Ke7 39. Ra7+ Kd6 40. Rxg7 Rxa4 41. Rg6+ Ke7 42. Rxh6 Kf7 43.
Kg5 Ra5+ 44. f5 Ra8 45. Rf6+ Kg7 46. Rb6 Rg8 47. Rb7+ Kh8+ 48. Kh6 Rf8 49.
Rh7+ Kg8 50. Rg7+ Kh8 51. Rh7+ Kg8 52. Rg7+ Kh8 53. Rg5 Rf7 54. Kg6 Rg7+ 55.
Kf6 Rh7 56. h5 Rh6+ 57. Kf7 Rh7+ 58. Kg6 Rg7+ 59. Kf6 Rh7 60. Kg6 Rg7+ 61.
Kf6 Rh7 62. Ke6 Rh6+ 63. f6 Rxf6+ 64. Kxf6 Kh7 65. Ke5 Kh6 66. Rg1 Kxh5 67.
Kf5 Kh4 68. Kf4 Kh5 69. Ke4 Kh4 70. Kf5 Kh3 71. Kf4 Kh2 72. Rg8 Kh3 73. Rg7
Kh2 74. Kf3 Kh1 75. Kf2 Kh2 76. Rh7# {Black checkmated} 1-0

[Event "ICC tourney 2148 (70 10)"]
[Site "Internet Chess Club"]
[Date "2020.11.21"]
[Round "3"]
[White "AtharvRB"]
[Black "Ldon22"]
[Result "0-1"]
[ICCResult "White checkmated"]
[WhiteElo "272"]
[BlackElo "777"]
[Opening "Pirc: classical (two knights) system"]
[ECO "A48"]
[NIC "PU.10"]
[Time "19:35:08"]
[TimeControl "4200+10"]

1. d4 Nf6 2. Nf3 g6 3. Nc3 Bg7 4. e4 d6 5. Be3 O-O 6. Qd2 e5 7. O-O-O Nc6 8.
Bb5 Bg4 9. Bxc6 bxc6 10. dxe5 dxe5 11. h3 Bxf3 12. gxf3 Qb8 13. Bh6 Qb6 14.
Bxg7 Kxg7 15. b3 Rad8 16. Qe2 Qa5 17. Kb2 Rb8 18. Qe3 c5 19. Ka1 Rfd8 20.
Rxd8 Rxd8 21. Rb1 Nh5 22. Ne2 Rd2 23. Nc3 Rd8 24. Rd1 Rf8 25. Qg5 f6 26. Qd2
Nf4 27. Qd7+ Rf7 28. Qd2 Nxh3 29. Rh1 Ng5 30. Kb2 h5 31. f4 exf4 32. Qxf4
Ne6 33. Qe3 Nd4 34. Qg3 Qb6 35. Rxh5 c4 36. Nd5 Qc6 37. Rh2 cxb3 38. cxb3
Qc2+ 39. Ka3 Qc1+ 40. Kb4 c5+ 41. Ka5 Qa3# {White checkmated} 0-1

[Event "ICC tourney 2148 (70 10)"]
[Site "Internet Chess Club"]
[Date "2020.11.21"]
[Round "3"]
[White "ishirlakhani"]
[Black "chessfidebullet"]
[Result "0-1"]
[ICCResult "White checkmated"]
[WhiteElo "973"]
[BlackElo "1280"]
[Opening "QGD Slav defense"]
[ECO "D10"]
[NIC "SL.01"]
[Time "19:35:13"]
[TimeControl "4200+10"]

1. d4 d5 2. c4 c6 3. e3 Nf6 4. Nc3 Bg4 5. Be2 h5 6. h3 Bf5 7. Nf3 e6 8. O-O
Bd6 9. c5 Bc7 10. Bd3 Bh7 11. Bxh7 Nxh7 12. e4 Nf6 13. Bg5 dxe4 14. Nxe4
Nbd7 15. Nxf6+ gxf6 16. Bh4 Qe7 17. Qb3 O-O-O 18. a4 Nf8 19. a5 a6 20. Rfe1
Ng6 21. Bg3 Bxg3 22. fxg3 Qc7 23. Kf2 h4 24. gxh4 Nxh4 25. Red1 Rdg8 26.
Nxh4 Rxh4 27. Rd3 Qh2 28. Rg1 Rf4+ 29. Rf3 Rxd4 30. Rxf6 Rd2+ 31. Kf1 Rgxg2
32. Rxg2 Qxg2+ 33. Ke1 Qe2# {White checkmated} 0-1

[Event "ICC tourney 2148 (70 10)"]
[Site "Internet Chess Club"]
[Date "2020.11.21"]
[Round "3"]
[White "Laces007"]
[Black "sammu"]
[Result "1-0"]
[ICCResult "Black resigns"]
[WhiteElo "120"]
[BlackElo "439"]
[Opening "Bird's opening"]
[ECO "A02"]
[NIC "VO.07"]
[Time "19:35:09"]
[TimeControl "4200+10"]

1. f4 f5 2. e3 e6 3. Nf3 b6 4. d4 Bb7 5. Bd3 Nf6 6. c4 Be4 7. Nc3 Bb4 8. a3
Bxc3+ 9. bxc3 Nc6 10. c5 bxc5 11. dxc5 Rb8 12. O-O d5 13. Ne5 Nxe5 14. fxe5
Ng4 15. Qa4+ Kf8 16. Bxe4 Qh4 17. h3 dxe4 18. Rf4 Qg3 19. Rxg4 fxg4 20. hxg4
Qxg4 21. Qxa7 Re8 22. Qxc7 Kg8 23. a4 Rf8 24. a5 Qd1+ 25. Kh2 Qh5+ 26. Kg1
h6 27. a6 Qh4 28. a7 Qf2+ 29. Kh2 h5 30. a8=Q Rxa8 31. Rxa8+ Kh7 32. Ra7 Rg8
33. c6 h4 34. Qd7 Qg3+ 35. Kg1 Qxe3+ 36. Bxe3 {Black resigns} 1-0

[Event "ICC tourney 2148 (70 10)"]
[Site "Internet Chess Club"]
[Date "2020.11.21"]
[Round "3"]
[White "EthanDember"]
[Black "Tanvi02"]
[Result "0-1"]
[ICCResult "White resigns"]
[WhiteElo "1048"]
[BlackElo "832"]
[Opening "Ruy Lopez (Spanish opening)"]
[ECO "C60"]
[NIC "RL.01"]
[Time "19:46:28"]
[TimeControl "4200+10"]

1. e4 e5 2. Nf3 Nc6 3. Bb5 Bd6 4. O-O Nf6 5. Re1 O-O 6. c3 a6 7. Ba4 b5 8.
Bb3 h6 9. d4 exd4 10. e5 Nxe5 11. Nxe5 Bxe5 12. Rxe5 Re8 13. Qe1 dxc3 14.
Rxe8+ Nxe8 15. Nxc3 c6 16. Bf4 d5 17. Rc1 Bf5 18. Ne2 Rc8 19. Ng3 Bg6 20.
Bd1 c5 21. Bg4 Rc6 22. b4 c4 23. Bf3 Qd7 24. Bxd5 Qxd5 25. Qxe8+ Kh7 26. h4
Re6 27. Qf8 Qd4 28. Be3 Rxe3 29. fxe3 Qxe3+ 30. Kh2 Qxc1 31. h5 Bd3 32. Qxf7
c3 33. Nf5 Qf4+ 34. Kg1 Qxf5 {White resigns} 0-1

[Event "ICC tourney 2148 (70 10)"]
[Site "Internet Chess Club"]
[Date "2020.11.21"]
[Round "3"]
[White "jrcrawford512"]
[Black "leonlunachen"]
[Result "1-0"]
[ICCResult "Black resigns"]
[WhiteElo "847"]
[BlackElo "711"]
[Opening "Réti opening"]
[ECO "A30"]
[NIC "QP.10"]
[Time "19:35:49"]
[TimeControl "4200+10"]

1. Nf3 c5 2. c4 e6 3. e4 Nc6 4. Nc3 a6 5. Be2 Nge7 6. O-O d5 7. exd5 exd5 8.
Re1 d4 9. Ne4 Ng6 10. d3 Be7 11. Bd2 O-O 12. Rb1 f5 13. Ng3 Bd6 14. a3 Nf4
15. Bf1 Qf6 16. Bxf4 Bxf4 17. Nh5 Qd6 18. Nxf4 Qxf4 19. g3 Qd6 20. Bg2 Bd7
21. Qd2 f4 22. Ng5 fxg3 23. fxg3 Qh6 24. Bd5+ Kh8 25. Nf7+ Rxf7 26. Qxh6
gxh6 27. Bxf7 Ne5 28. Rxe5 {Black resigns} 1-0

[Event "ICC tourney 2148 (70 10)"]
[Site "Internet Chess Club"]
[Date "2020.11.21"]
[Round "3"]
[White "ADJ"]
[Black "wanderingeigeas"]
[Result "0-1"]
[ICCResult "White checkmated"]
[WhiteElo "813"]
[BlackElo "1177"]
[Opening "Bird's opening"]
[ECO "A02"]
[NIC "VO.07"]
[Time "19:35:26"]
[TimeControl "4200+10"]

1. f4 e6 2. Nf3 d5 3. d4 Nf6 4. e3 c5 5. c4 Nc6 6. cxd5 Nxd5 7. Qa4 Bd7 8.
Nc3 Nxd4 9. Nb5 Nxf3+ 10. gxf3 a6 11. Qb3 axb5 12. h4 Be7 13. e4 c4 14. Qd1
Bb4+ 15. Ke2 Nb6 16. Qd4 O-O 17. Be3 Na4 18. h5 Bc5 19. Qd2 Bc6 20. Qc2 Qf6
21. Rb1 Rad8 22. b3 Nc3+ 23. Kf2 Bxe3+ 24. Kxe3 Qd4# {White checkmated} 0-1

[Event "ICC tourney 2148 (70 10)"]
[Site "Internet Chess Club"]
[Date "2020.11.21"]
[Round "3"]
[White "BongCloudMaster"]
[Black "mewto12345"]
[Result "1-0"]
[ICCResult "Black checkmated"]
[WhiteElo "1187"]
[BlackElo "1257"]
[Opening "QGD Slav defense: exchange variation"]
[ECO "D10"]
[NIC "SL.01"]
[Time "19:35:30"]
[TimeControl "4200+10"]

1. d4 d5 2. c4 c6 3. cxd5 cxd5 4. Bf4 Nc6 5. Nc3 Bf5 6. e3 e6 7. Qb3 Qb6 8.
Qxb6 axb6 9. Nf3 Bb4 10. Bb5 Ne7 11. O-O O-O 12. Nh4 Ra5 13. Nxf5 Nxf5 14.
Be2 Rfa8 15. a4 Bd6 16. Bxd6 Nxd6 17. Rfc1 Ne4 18. Nxe4 dxe4 19. Bb5 Rc8 20.
Bxc6 Rxc6 21. Rxc6 bxc6 22. b4 Ra6 23. Kf1 f5 24. a5 b5 25. Ke2 Kf7 26. h4
Ke7 27. f3 Kd6 28. fxe4 fxe4 29. Rc1 e5 30. Rc5 exd4 31. exd4 Ra7 32. Ke3
Re7 33. Re5 Rd7 34. Kxe4 Rf7 35. d5 cxd5+ 36. Rxd5+ Kc6 37. Rc5+ Kd6 38.
Rxb5 Rf1 39. a6 Ra1 40. Ra5 Re1+ 41. Kd4 Re8 42. a7 Ra8 43. b5 Kc7 44. Kc5
Kb7 45. b6 h6 46. h5 Rc8+ 47. Kb5 Ra8 48. g4 Rd8 49. a8=Q+ Rxa8 50. Rxa8
Kxa8 51. Kc6 Kb8 52. Kd7 Kb7 53. Ke7 Kxb6 54. Kf7 Kc7 55. Kxg7 Kd7 56. Kxh6
Ke7 57. Kg7 Ke6 58. h6 Ke5 59. h7 Kf4 60. h8=Q Kxg4 61. Qc8+ Kf4 62. Qc5 Ke4
63. Kf6 Kf3 64. Qd4 Kg2 65. Qe3 Kf1 66. Qd2 Kg1 67. Kf5 Kh1 68. Kg4 Kg1 69.
Kg3 Kf1 70. Qd1# {Black checkmated} 1-0